 Dungeon Crawl Stone Soup version 0.16-a0-3770-gc215ce9 (webtiles) character file.

60 tenderloin the Bolt Thrower (level 3, 0/28 HPs)
             Began as a Demonspawn Hunter on Jan 25, 2015.
             Slain by a gnoll
             ... wielding a +0 flail
              (5 damage)
             ... on level 2 of the Dungeon.
             The game lasted 00:03:31 (1535 turns).

tenderloin the Bolt Thrower (Demonspawn Hunter)     Turns: 1535, Time: 00:03:31

Health: 0/28       AC:  4    Str: 12    XL:     3   Next: 82%
Magic:  3/3        EV: 12    Int: 13    God:
Gold:   74         SH:  0    Dex: 13    Spells: 0 memorised, 2 levels left

rFire  . . .     SeeInvis .     b - +1 hand crossbow
rCold  . . .     Clarity  .     d - +0 leather armour
rNeg   . . .     SustAb   .     (no shield)
rPois  .         Gourm    .     (no helmet)
rElec  .         Spirit   .     o - +0 cloak
rCorr  +         Warding  .     (no gloves)
rMut   .         Rnd*Tele +     (no boots)
MR     .....                    l - amulet of resist corrosion
Stlth  +.........               n - ring of teleportation (curse)
                                k - ring of flight

@: not resistant to hostile enchantments, very unstealthy
A: claws 1, demonic guardian 1
a: Evoke Flight, Evoke Teleportation


You were on level 2 of the Dungeon.
You were hungry.

You visited 1 branch of the dungeon, and saw 2 of its levels.

You collected 74 gold pieces.

Inventory:

Hand weapons
 b - a +1 hand crossbow (weapon)
 r - a +2 dagger of flaming
Missiles
 c - 9 bolts (quivered)
Armour
 d - a +0 leather armour (worn)
 o - a +0 cloak (worn)
Jewellery
 k - a ring of flight (left claw)
 l - an amulet of resist corrosion (around neck)
 n - a cursed ring of teleportation (right claw)
Scrolls
 a - a scroll of teleportation {unknown}
 e - a scroll of identify {unknown}
 h - a scroll of enchant armour {unknown}
 j - a scroll of recharging {unknown}
 m - 2 scrolls of amnesia {unknown}
Potions
 g - 2 potions of restore abilities {unknown}
 i - a potion of lignification {unknown}
 p - 3 potions of heal wounds {unknown}
Comestibles
 f - a bread ration
 q - a meat ration


   Skills:
 + Level 2.6 Fighting
 * Level 4.3 Crossbows
 + Level 2.4 Dodging
 - Level 0.8 Stealth


You had 2 spell levels left.
You didn't know any spells.

Dungeon Overview and Level Annotations

Branches:
Dungeon (2/15)

Altars:
Gozag


Innate Abilities, Weirdness & Mutations

You have sharp fingernails.
A weak demonic guardian rushes to your aid.


Message History

Firing (i - inventory):
c - 12 bolts (quivered)
Press: ? - help, Shift-Dir - straight line, f/p - gnoll
Aim: a gnoll, wielding a flail and wearing a chain mail (lightly wounded)
You shoot a bolt. The bolt hits the gnoll.
The gnoll is moderately wounded.
The gnoll closely misses you.
Firing (i - inventory):
c - 11 bolts (quivered)
Press: ? - help, Shift-Dir - straight line, f/p - gnoll
Aim: a gnoll, wielding a flail and wearing a chain mail (moderately wounded)
You shoot a bolt. The bolt hits the gnoll.
The gnoll is heavily wounded.
The gnoll closely misses you.
Firing (i - inventory):
c - 10 bolts (quivered)
Press: ? - help, Shift-Dir - straight line, f/p - gnoll
Aim: a gnoll, wielding a flail and wearing a chain mail (heavily wounded)
You shoot a bolt.
The bolt hits the gnoll but does no damage.
The gnoll is heavily wounded.
The gnoll closely misses you. The gnoll hits you with a flail.
You die...

# # ########## . .
.......(. # .#
........r# # .#
#g# # .# #@# # .#
# #..$# # .#.#
#.$_$. ####.#.####
#.$$$##
..................
###..#.###....####
#..# ... #..# ..
#..#


You could see a gnoll and a rat.

Vanquished Creatures
  A gnoll (D:2)
  2 adders (D:2)
  A giant mite (D:1)
  A giant cockroach (D:1)
  6 goblins (D:1)
  2 hobgoblins (D:1)
  3 kobolds (D:2)
  3 bats (D:1)
  2 giant newts (D:1)
  4 jackals (D:1)
  3 rats (D:2)
28 creatures vanquished.

Notes
Turn   | Place    | Note
--------------------------------------------------------------
     0 | D:1      | tenderloin, the Demonspawn Hunter, began the quest for the Orb.
     0 | D:1      | Reached XP level 1. HP: 16/16 MP: 1/1
   180 | D:1      | Gained mutation: A weak demonic guardian rushes to your aid. [demonic ancestry]
   180 | D:1      | Reached XP level 2. HP: 8/22 MP: 2/2
   818 | D:1      | Reached skill level 4 in Crossbows
  1177 | D:2      | Gained mutation: You have sharp fingernails. [demonic ancestry]
  1177 | D:2      | Reached XP level 3. HP: 28/28 MP: 3/3
  1528 | D:2      | Found an opulent altar of Gozag.
  1535 | D:2      | Slain by a gnoll

Action                   || total
-------------------------++-------
Melee: Dagger            ||    22
 Fire: Hand crossbow     ||    60
  Eat: Chunk             ||     1
